 Dungeon Crawl Stone Soup version 0.18-b1-18-g7758cf2 (webtiles) character file.

3096 SkaryMonk the Covert (level 9, -12/54 HPs)
             Began as an Octopode Assassin on May 2, 2016.
             Was a Believer of Dithmenos.
             Mangled by an orc knight
             ... wielding a +0 halberd
              (17 damage)
             ... in a bailey.
             The game lasted 04:12:05 (7931 turns).

SkaryMonk the Covert (Octopode Assassin)            Turns: 7931, Time: 04:12:06

Health: -12/54     AC:  1    Str: 10    XL:     9   Next: 90%
Magic:  0/18       EV: 15    Int: 13    God:    Dithmenos [**....]
Gold:   336        SH:  5    Dex: 17    Spells: 0 memorised, 8 levels left

rFire  . . .     SeeInvis +     a - +3 dagger
rCold  . . .     Gourm    .     v - +0 buckler
rNeg   . . .     Faith    .     (helmet restricted)
rPois  .         Spirit   +     t - amulet of guardian spirit
rElec  .         Dismiss  .     m - ring of magical power
rCorr  .         Reflect  .     q - ring of stealth (curse)
SustAt .         Harm     .     x - ring of see invisible
MR     .....                    (no ring)
Stlth  +++++++++.               (no ring)
                                (no ring)
                                (no ring)
                                (no ring)

@: wreathed by umbra, not resistant to hostile enchantments, incredibly stealthy
A: almost no armour, amphibious, 8 rings, constrict 8, camouflage 1, gelatinous
body 1
a: Shadow Step, Renounce Religion


You were in a bailey.
You worshipped Dithmenos.
Dithmenos was pleased with you.
You were not hungry.

You visited 1 branch of the dungeon, and saw 7 of its levels.
You also visited: Bailey.

You collected 336 gold pieces.

Notes
Turn   | Place    | Note
--------------------------------------------------------------
     0 | D:1      | SkaryMonk the Octopode Assassin began the quest for the Orb.
     0 | D:1      | Reached XP level 1. HP: 14/14 MP: 1/1
   187 | D:1      | Reached XP level 2. HP: 19/19 MP: 2/2
   649 | D:1      | Reached XP level 3. HP: 20/24 MP: 3/3
  1102 | D:2      | Found a white marble altar of Elyvilon.
  1184 | D:2      | Reached XP level 4. HP: 29/29 MP: 4/4
  1343 | D:2      | Found a blossoming altar of Fedhas.
  1466 | D:2      | Noticed Sigmund
  1469 | D:2      | Killed Sigmund
  1469 | D:2      | Reached XP level 5. HP: 34/34 MP: 5/5
  1469 | D:2      | Reached XP level 6. HP: 39/39 MP: 6/6
  2083 | D:2      | Found a basalt altar of Yredelemnul.
  2268 | D:3      | Noticed Robin
  2302 | D:3      | Killed Robin
  2491 | D:3      | Found a burning altar of Makhleb.
  3083 | D:4      | Reached XP level 7. HP: 45/45 MP: 7/7
  3656 | D:4      | Found a shadowy altar of Dithmenos.
  3665 | D:4      | Became a worshipper of Dithmenos the Shadowed
  4191 | D:4      | Reached XP level 8. HP: 43/50 MP: 8/8
  4689 | D:5      | Entered Level 5 of the Dungeon
  4721 | D:5      | Found a sacrificial altar of Ru.
  4737 | D:5      | Noticed Menkaure
  4834 | D:5      | Killed Menkaure
  5063 | D:5      | Reached skill level 10 in Short Blades
  5119 | D:5      | Reached skill level 1 in Shields
  5418 | D:5      | Reached * piety under Dithmenos
  5807 | D:5      | Found a snail-covered altar of Cheibriados.
  6026 | D:6      | Reached XP level 9. HP: 52/54 MP: 9/9
  6241 | D:6      | Found Zoock's Book Boutique.
  6350 | D:6      | Found Cujaolan's Assorted Antiques.
  6358 | D:6      | Noticed a hill giant
  6433 | D:6      | Noticed Crazy Yiuf
  6443 | D:6      | Killed Crazy Yiuf
  6602 | D:6      | Found Jymmazem's Antique Armour Emporium.
  6918 | D:6      | Killed a hill giant
  6918 | D:6      | Reached skill level 10 in Stealth
  7113 | D:6      | Found Feetutaa's General Store.
  7254 | D:7      | Found a staircase to the Ecumenical Temple.
  7306 | D:7      | Found Ifepeis's Food Shoppe.
  7337 | D:7      | Found a flagged portal.
  7339 | D:7      | Reached ** piety under Dithmenos
  7358 | Bailey   | Entered a bailey
  7637 | Bailey   | Noticed an orc knight
  7637 | Bailey   | Noticed an orc knight
  7931 | Bailey   | Mangled by an orc knight

Inventory:

Hand Weapons
 a - a +3 dagger (weapon)
 b - a +0 blowgun
 y - a +2 short sword of freezing
Missiles
 c - 18 poisoned needles
 d - 2 curare-tipped needles
 h - a throwing net (quivered)
 r - 4 needles of paralysis
Armour
 v - a +0 buckler (worn)
Jewellery
 m - a ring of magical power (left tentacle)
 q - a cursed ring of stealth (right tentacle)
 t - an amulet of guardian spirit (around mantle)
 x - a ring of see invisible (on tentacle)
Wands
 g - a wand of lightning (8/15)
 B - a wand of slowing (14/48)
Scrolls
 e - a scroll of magic mapping
 i - 4 scrolls of remove curse
 k - 2 scrolls of enchant weapon
 u - 2 scrolls of teleportation
 w - 3 scrolls of blinking
 C - 3 scrolls of enchant armour
 D - 3 scrolls of recharging
Potions
 s - 2 potions of might
Comestibles
 f - 4 bread rations
 o - 2 fruits
 p - 2 beef jerkies

Table legend:
 A = Turns spent in this place as a percentage of turns spent in the entire game.
 B = Non-inter-level travel turns spent in this place as a percentage of non-inter-level travel turns spent in the entire game.
 C = Inter-level travel turns spent in this place as a percentage of turns spent in this place.
 D = Turns resting spent in this place as a percentage of non-inter-level travel turns spent in this place.
 E = Turns spent auto-exploring this place as a percentage of non-inter-level travel turns spent in this place.
 F = Non-inter-level travel turns spent in this place divided by the number of levels of this place that you've seen.
                   A       B       C       D       E      F
               +-------+-------+-------+-------+-------+----------------------
         Total | 100.0 | 100.0 |   0.7 |   2.9 |   9.8 | 249.2
       Dungeon |  88.9 |  88.9 |   0.8 |   2.4 |  10.8 | 253.1
        Bailey |  11.1 |  11.1 |   0.0 |   6.8 |   1.8 | 222.0
               +-------+-------+-------+-------+-------+----------------------


   Skills:
 - Level 2.0 Fighting
 - Level 10.0 Short Blades
 - Level 2.0 Throwing
 + Level 4.6 Dodging
 - Level 10.9 Stealth
 - Level 4.1 Shields


You had 8 spell levels left.
You didn't know any spells.

Dungeon Overview and Level Annotations

Branches:
Dungeon (7/15)             Temple (0/1) D:7

Altars:
Cheibriados
Dithmenos
Elyvilon
Fedhas
Makhleb
Ru
Yredelemnul

Shops:
D:6 **:[   D:7 %

Annotations:
D:5 exclusion: downstairs


Innate Abilities, Weirdness & Mutations

You cannot wear most types of armour.
You are amphibious.
You can wear up to eight rings at the same time.
You can use your tentacles to constrict eight enemies at once.
Your skin changes colour to match your surroundings (Stealth).
Your rubbery body absorbs attacks (AC +1).


Message History

Found 16 gold pieces.
There is a large open door here.
There is a large open door here.
You now have 336 gold pieces (gained 16).
There is a large open door here.
There is a large open door here.
The orc knight roars a battlecry!
The orc warrior goes into a battle-frenzy!
There is an open door here.
The orc knight hits you from afar with a trident!!
Read which item? (? for menu, Esc to quit)
As you read the scroll of fog, it crumbles to dust.
The scroll dissolves into smoke.
The orc knight completely misses you.
The orc warrior hits you from afar with a glaive!!!
Ouch! That really hurt!
* * * LOW HITPOINT WARNING * * *
The orc warrior no longer looks unusually strong.
The orc knight hits you from afar with a halberd!!
You die...

##..≈≈≈≈≈≈≈..##
##..≈≈.....≈≈..##
####..≈≈..###..≈≈..##########
....?≈≈..## ##).≈≈..........#
≈≈≈≈≈≈..##.∩.##..≈≈≈≈≈≈≈≈≈≈.#
..)....##.... ##)........)≈.#
###########+###'#########)≈.#
....§§..##.....##.≈.# #
§≈≈≈§§§.@##...##.)≈.# ##
≈...§.§§§.##.##..≈≈.# .#
§.⌠⌠§oo§§§§#'#..≈≈.∩# .#
§..⌠..o§§§.#'#..≈≈.## ##
≈.....§≈§§##.##..≈≈.# #
≈§≈≈≈≈≈§§#§§..##..≈.# .$$$.
.......§##§§...##.≈.# #####
###+#############.≈.# ####
##..........≈.#


You could see an orc knight and an orc warrior.

Table legend:
 A = Kills in this place as a percentage of kills in entire the game.
 B = Kills by you in this place as a percentage of kills by you in the entire game.
 C = Kills by friends in this place as a percentage of kills by friends in the entire game.
 D = Other kills in this place as a percentage of other kills in the entire game.
 E = Experience gained in this place as a percentage of experience gained in the entire game.
 F = Experience gained in this place divided by the number of levels of this place that you have seen.
                   A       B       C       D       E      F
               +-------+-------+-------+-------+-------+----------------------
         Total | 100.0 | 100.0 |  -nan |  -nan | 100.0 | 553.0
       Dungeon |  94.0 |  94.0 |  -nan |  -nan |  93.5 | 591.1
        Bailey |   6.0 |   6.0 |  -nan |  -nan |   6.5 | 286.0
               +-------+-------+-------+-------+-------+----------------------

Vanquished Creatures
  A hill giant (D:6)
  Sigmund (D:2)
  Menkaure (D:5)
  5 orc warriors
  An ice beast (D:7)
  A phantom (D:5)
  3 centaurs
  2 ogres (D:4)
  3 giant frogs (D:6)
  A scorpion (D:4)
  3 wights
  2 howler monkeys (D:6)
  A crimson imp (D:6)
  A giant frog zombie (D:5)
  A centaur skeleton (D:4)
  Crazy Yiuf (D:6)
  2 giant frog skeletons
  2 hounds
  6 orc priests
  3 iguanas (D:4)
  3 orc wizards
  3 worker ants
  A hound zombie (D:5)
  Robin (D:3)
  12 adders
  3 oozes
  2 adder zombies
  2 worms
  6 dart slugs
  3 giant geckos
  25 orcs
  2 ball pythons (D:2)
  6 giant cockroaches
  25 goblins
  8 hobgoblins
  7 jackals
  4 kobolds
  3 quokkas
  A ball python skeleton (D:5)
  9 bats
  A giant gecko skeleton (D:4)
  7 giant newts
  7 rats
182 creatures vanquished.

Action                   |  1- 3 |  4- 6 |  7- 9 || total
-------------------------+-------+-------+-------++-------
Melee: Dagger            |    49 |    95 |   211 ||   355
       Constrict         |     9 |    18 |    46 ||    73
       Tentacles         |     3 |    20 |    59 ||    82
       Short sword       |       |       |    63 ||    63
 Fire: Blowgun           |       |       |    17 ||    17
Throw: Throwing net      |       |       |     3 ||     3
  Use: Scroll            |     3 |     3 |     6 ||    12
       Potion            |       |       |     7 ||     7
 Stab: Sleeping          |    23 |    16 |    34 ||    73
       Distracted        |       |     1 |     3 ||     4
       Held in net/web   |       |       |     1 ||     1
       Paralysed         |       |       |     1 ||     1
  Eat: Chunk             |     1 |     6 |    15 ||    22
Armor: Skin              |     3 |     5 |     6 ||    14
Dodge: Dodged            |    11 |    25 |    79 ||   115
Block: Buckler           |       |       |    20 ||    20

Vault maps used:
D:1:      sevenhm_arrival_forest_fort_large_2, corner_web_ring
D:2:      kennysheep_ying_yang, marbit_many_paths, uniq_sigmund
D:3:      lemuel_crystal_altar, first_bread, uniq_robin
D:4:      grunt_dithmenos_smoke_and_mirrors, minmay_misc_feat_more_columns
D:5:      kennysheep_big_flooded_room, cheibrodos_worm_habitat,
          nicolae_ru_awakened_eye, uniq_menkaure
D:6:      serial_shops, shop, shop, shop_statue, nicolae_shop_trees,
          uniq_crazy_yiuf_cottage
D:7:      lemuel_coloured_pillars_altar, minmay_temple_entry_water_ring,
          enter_bailey_3, serial_shops, kennysheep_mini
Bailey:   bailey_polearm_1, bailey
